[Event "AUT Bundesliga 2022-23"]
[Site "Jenbach"]
[Date "2022.11.03"]
[Round "1.1"]
[White "Prusikin, Michael"]
[Black "Idani, Pouya"]
[Result "1/2-1/2"]
[ECO "E46"]
[WhiteElo "2517"]
[BlackElo "2623"]
[Annotator "ChessBase"]
[PlyCount "66"]
[EventDate "2022.11.03"]
[EventType "team-tourn"]
[EventCountry "AUT"]
[SourceTitle "playchess.com"]
[Source "ChessBase"]
[SourceQuality "1"]
[TimeControl "40/5400+30:1800+30"]

1. d4 Nf6 2. c4 e6 3. Nc3 Bb4 4. e3 O-O 5. Bd2 c5 6. a3 Bxc3 7. Bxc3 Ne4 8. Rc1 d6 9. Nf3 Qe7 10. Be2 Nxc3 11. Rxc3 e5 12. O-O Nc6 13. d5 Nb8 14. e4 f5 15. exf5 Bxf5 16. Nd2 Nd7 17. Bd3 Bxd3 18. Rxd3 Nf6 19. Re3 Qd7 20. f4 exf4 21. Rxf4 Rae8 22. Ne4 Nxe4 23. Rfxe4 Rxe4 24. Rxe4 Re8 25. Qe2 Rxe4 26. Qxe4 h6 27. h4 Qf7 28. b3 Qf6 29. Qe8+ Kh7 30. h5 Qd4+ 31. Kh2 Qh4+ 32. Kg1 Qd4+ 33. Kh2 Qh4+ 1/2-1/2

[Event "AUT Bundesliga 2022-23"]
[Site "Jenbach"]
[Date "2022.11.03"]
[Round "1.2"]
[White "Janzelj, Tim"]
[Black "Berchtenbreiter, Maximilian"]
[Result "1-0"]
[ECO "A50"]
[WhiteElo "2456"]
[BlackElo "2509"]
[Annotator "ChessBase"]
[PlyCount "85"]
[EventDate "2022.11.03"]
[EventType "team-tourn"]
[EventCountry "AUT"]
[SourceTitle "playchess.com"]
[Source "ChessBase"]
[SourceQuality "1"]
[TimeControl "40/5400+30:1800+30"]

1. d4 Nf6 2. c4 a6 3. Nc3 c5 4. dxc5 e6 5. e4 Qc7 6. b4 b6 7. cxb6 Qe5 8. Bd2 Bxb4 9. Nf3 Qa5 10. Qb3 Nc6 11. Bd3 Rb8 12. O-O Rxb6 13. a3 Bxc3 14. Qxc3 Qxc3 15. Bxc3 Rb3 16. Rfc1 d6 17. Nd2 Rb8 18. Rab1 Rxb1 19. Rxb1 e5 20. Bc2 Kd8 21. Nb3 Re8 22. c5 dxc5 23. Nxc5 Nd7 24. Ba4 Kc7 25. Nb3 f6 26. Rc1 Bb7 27. Ba5+ Kd6 28. Rd1+ Ke6 29. Bb4 Rd8 30. Rd6+ Kf7 31. Bxc6 Bxc6 32. Rxc6 Nc5 33. Nd2 Nxe4 34. Nf1 Rd1 35. f3 Ng5 36. Rxa6 Ne6 37. Rd6 Ra1 38. Rd2 h5 39. Kf2 h4 40. Ne3 Kg6 41. Nd5 Kg5 42. Nc3 Nf4 43. Rd1 1-0

[Event "AUT Bundesliga 2022-23"]
[Site "Jenbach"]
[Date "2022.11.03"]
[Round "1.3"]
[White "Hess, Max"]
[Black "Sebenik, Matej"]
[Result "0-1"]
[ECO "D02"]
[WhiteElo "2361"]
[BlackElo "2518"]
[Annotator "ChessBase"]
[PlyCount "104"]
[EventDate "2022.11.03"]
[EventType "team-tourn"]
[EventCountry "AUT"]
[SourceTitle "playchess.com"]
[Source "ChessBase"]
[SourceQuality "1"]
[TimeControl "40/5400+30:1800+30"]

1. d4 d5 2. Nf3 Nf6 3. g3 c6 4. Bg2 Bg4 5. c4 e6 6. O-O Nbd7 7. h3 Bf5 8. cxd5 exd5 9. Qb3 Qb6 10. Qe3+ Be7 11. Nh4 Bg6 12. Nc3 Qd8 13. Nxg6 hxg6 14. Qd3 O-O 15. Bf3 Re8 16. Kg2 Nb6 17. h4 Qd7 18. Bg5 Nc4 19. Rab1 Rad8 20. Bxf6 gxf6 21. e3 Bb4 22. a3 Bxc3 23. Qxc3 Kg7 24. Be2 Nd6 25. Bd3 Rh8 26. Rh1 Rde8 27. Qc2 f5 28. Qe2 Ne4 29. Bxe4 fxe4 30. b4 a6 31. Rbc1 Rh5 32. a4 Rf5 33. b5 axb5 34. axb5 Rf3 35. bxc6 bxc6 36. Qa6 Re6 37. Qa8 Ref6 38. Rc2 Qg4 39. Qb8 Qf5 40. Qb2 Kh7 41. Rd2 c5 42. dxc5 d4 43. Qxd4 Rxf2+ 44. Rxf2 Qxf2+ 45. Kh3 Qf5+ 46. Kh2 Qf2+ 47. Kh3 Rf3 48. Qe5 Rxe3 49. Rb1 Qf3 50. Rb8 Qf1+ 51. Kg4 Qd1+ 52. Kh3 Qd7+ 0-1

[Event "AUT Bundesliga 2022-23"]
[Site "Jenbach"]
[Date "2022.11.03"]
[Round "1.4"]
[White "Subelj, Jan"]
[Black "Brunello, Marina"]
[Result "1-0"]
[ECO "B90"]
[WhiteElo "2494"]
[BlackElo "2343"]
[Annotator "ChessBase"]
[PlyCount "95"]
[EventDate "2022.11.03"]
[EventType "team-tourn"]
[EventCountry "AUT"]
[SourceTitle "playchess.com"]
[Source "ChessBase"]
[SourceQuality "1"]
[TimeControl "40/5400+30:1800+30"]

1. e4 c5 2. Nf3 d6 3. d4 cxd4 4. Nxd4 Nf6 5. Nc3 a6 6. Rg1 e5 7. Nb3 b5 8. a4 b4 9. Nd5 Bb7 10. Bg5 Nbd7 11. Bc4 Be7 12. Nxe7 Qxe7 13. f3 Nb6 14. Be2 d5 15. a5 Nbd7 16. exd5 Qd6 17. c4 bxc3 18. bxc3 e4 19. c4 Qxh2 20. Kf2 O-O 21. Rh1 Qd6 22. Be3 Ne5 23. Nc5 Bc8 24. Qd4 exf3 25. gxf3 Ng6 26. Rab1 Rb8 27. Rxb8 Qxb8 28. Ne4 Nxe4+ 29. Qxe4 Bd7 30. Qd4 Re8 31. Bd3 Qb3 32. c5 Qa2+ 33. Kg3 Qxa5 34. Be4 f5 35. Bd2 Qd8 36. Bd3 Ne5 37. Bb1 Qf6 38. c6 Qg6+ 39. Kf2 Bxc6 40. dxc6 Nxc6 41. Qd5+ Kf8 42. Bxf5 Re2+ 43. Kxe2 Qg2+ 44. Kd3 Qxh1 45. Kc2 Ne7 46. Bb4 Qh4 47. Be6 Qf2+ 48. Kb3 1-0

[Event "AUT Bundesliga 2022-23"]
[Site "Jenbach"]
[Date "2022.11.03"]
[Round "1.5"]
[White "Ciolek, Andreas"]
[Black "Diermair, Andreas"]
[Result "0-1"]
[ECO "A46"]
[WhiteElo "2301"]
[BlackElo "2455"]
[Annotator "ChessBase"]
[PlyCount "70"]
[EventDate "2022.11.03"]
[EventType "team-tourn"]
[EventCountry "AUT"]
[SourceTitle "playchess.com"]
[Source "ChessBase"]
[SourceQuality "1"]
[TimeControl "40/5400+30:1800+30"]

1. d4 Nf6 2. Nf3 d5 3. g3 c5 4. Bg2 cxd4 5. O-O h6 6. b3 Nbd7 7. Nxd4 e5 8. Nf3 Bc5 9. Nc3 e4 10. Nd4 O-O 11. Na4 Bb4 12. a3 Ba5 13. Bb2 Ne5 14. Ne6 Bxe6 15. Bxe5 Rc8 16. Bd4 b5 17. Nc5 Bb6 18. Nxe6 fxe6 19. Rc1 Rc6 20. Qd2 Qc7 21. e3 Bxd4 22. Qxd4 e5 23. Qb4 Rb8 24. f3 Rc3 25. a4 a5 26. Qa3 b4 27. Qb2 exf3 28. Rxf3 e4 29. Rxf6 gxf6 30. Rf1 Qc5 31. Qa1 Qxe3+ 32. Kh1 Qe2 33. Rxf6 Rf8 34. Rxh6 Qxc2 35. h4 Qd2 0-1

[Event "AUT Bundesliga 2022-23"]
[Site "Jenbach"]
[Date "2022.11.03"]
[Round "1.6"]
[White "Schreiner, Peter"]
[Black "Wachinger, Guenther"]
[Result "1/2-1/2"]
[ECO "B23"]
[WhiteElo "2404"]
[BlackElo "2218"]
[Annotator "ChessBase"]
[PlyCount "128"]
[EventDate "2022.11.03"]
[EventType "team-tourn"]
[EventCountry "AUT"]
[SourceTitle "playchess.com"]
[Source "ChessBase"]
[SourceQuality "1"]
[TimeControl "40/5400+30:1800+30"]

1. e4 c5 2. Nc3 e6 3. Nf3 a6 4. g3 b5 5. Bg2 Bb7 6. d4 cxd4 7. Nxd4 Nf6 8. O-O b4 9. Na4 Bxe4 10. Bxe4 Nxe4 11. c4 bxc3 12. bxc3 Nc5 13. Nxc5 Bxc5 14. Be3 Ba7 15. Rb1 O-O 16. Rb7 Qc8 17. Rxa7 Rxa7 18. Nxe6 dxe6 19. Bxa7 Qxc3 20. Qd6 Qc8 21. Bxb8 Qxb8 22. Qxa6 Qa8 23. Qe2 Qc6 24. Rb1 h6 25. Qe5 Qd5 26. Qxd5 exd5 27. a4 Ra8 28. Ra1 Ra5 29. Kf1 Kf8 30. Ke2 Ke7 31. Kd3 Kd6 32. Kd4 f6 33. g4 g5 34. h3 Kc6 35. Rc1+ Kd6 36. Ra1 Kc6 37. Rc1+ Kd6 38. Ra1 Kc6 39. Ra2 Kd6 40. Kc3 Kc5 41. Ra1 d4+ 42. Kd3 Kd5 43. Ra3 Kc5 44. Ra1 Kd5 45. Ra2 Ke5 46. Ra3 Kd5 47. f3 Kc5 48. Ra2 Kd5 49. Ra3 Kc5 50. Ra1 Kd5 51. Ra2 Ke5 52. Kc4 Kf4 53. Kxd4 Kxf3 54. Kc4 f5 55. gxf5 Rxf5 56. a5 h5 57. a6 Rf8 58. a7 Ra8 59. Kb5 g4 60. hxg4 hxg4 61. Kb6 g3 62. Kb7 Rxa7+ 63. Kxa7 g2 64. Rxg2 Kxg2 1/2-1/2

[Event "AUT Bundesliga 2022-23"]
[Site "Jenbach"]
[Date "2022.11.03"]
[Round "1.7"]
[White "Baumegger, Siegfried"]
[Black "Dragnev, Valentin"]
[Result "0-1"]
[ECO "B13"]
[WhiteElo "2441"]
[BlackElo "2544"]
[Annotator "ChessBase"]
[PlyCount "58"]
[EventDate "2022.11.03"]
[EventType "team-tourn"]
[EventCountry "AUT"]
[SourceTitle "playchess.com"]
[Source "ChessBase"]
[SourceQuality "1"]
[TimeControl "40/5400+30:1800+30"]

1. e4 c6 2. d4 d5 3. exd5 cxd5 4. c4 Nf6 5. Nc3 Nc6 6. Nf3 a6 7. Bg5 Be6 8. Rc1 g6 9. Bxf6 exf6 10. cxd5 Bxd5 11. Nxd5 Qxd5 12. Bc4 Qa5+ 13. Kf1 Bh6 14. Qe2+ Kf8 15. Re1 Qc7 16. g3 Kg7 17. Kg2 Rhd8 18. Rd1 Rac8 19. Bb3 Na5 20. Rhe1 Nxb3 21. axb3 Qc6 22. Qd3 Qd5 23. Re7 Rd6 24. Rde1 Rb6 25. Qe4 Qxb3 26. d5 Kg8 27. Nd4 Qb4 28. Kg1 Bf8 29. Rd7 Qa4 0-1

[Event "AUT Bundesliga 2022-23"]
[Site "Jenbach"]
[Date "2022.11.03"]
[Round "1.8"]
[White "Banusz, Tamas"]
[Black "Leitner, Gerald"]
[Result "1-0"]
[ECO "A06"]
[WhiteElo "2622"]
[BlackElo "2167"]
[Annotator "ChessBase"]
[PlyCount "257"]
[EventDate "2022.11.03"]
[EventType "team-tourn"]
[EventCountry "AUT"]
[SourceTitle "playchess.com"]
[Source "ChessBase"]
[SourceQuality "1"]
[TimeControl "40/5400+30:1800+30"]

1. Nf3 d5 2. g3 Nf6 3. Bg2 c6 4. c4 g6 5. b3 Bg7 6. Bb2 O-O 7. O-O Re8 8. d4 Bf5 9. Nc3 Ne4 10. e3 Nxc3 11. Bxc3 Be4 12. Qe2 Nd7 13. Rfd1 Nf6 14. Rac1 Qb6 15. Bf1 Bxf3 16. Qxf3 Ne4 17. Be1 e6 18. b4 a6 19. Bd3 f5 20. Qe2 Rec8 21. a4 Qd8 22. Rb1 Qf6 23. f3 Ng5 24. c5 Nf7 25. f4 g5 26. Kh1 Qg6 27. b5 axb5 28. axb5 Kh8 29. bxc6 bxc6 30. Ba6 Rg8 31. Bb7 Rab8 32. Bxc6 Rxb1 33. Rxb1 gxf4 34. exf4 Bxd4 35. Bd7 e5 36. Qd3 Bxc5 37. Qxd5 Bd4 38. Ba5 Nh6 39. fxe5 f4 40. Rd1 fxg3 41. Qxd4 gxh2 42. e6+ Rg7 43. Bc6 Qxe6 44. Bd5 Qg6 45. Be4 Qg1+ 46. Rxg1 hxg1=Q+ 47. Qxg1 Rxg1+ 48. Kxg1 Nf7 49. Bc3+ Kg8 50. Bd5 Kf8 51. Bf6 Nd6 52. Kg2 Ke8 53. Be6 Ne4 54. Bh4 h6 55. Bd5 Ng5 56. Kg3 Ke7 57. Kg4 Kf6 58. Ba2 Kg6 59. Bb1+ Kf6 60. Bg3 Ne6 61. Be1 Ng7 62. Bc3+ Kf7 63. Bb2 Ne6 64. Kf5 Ng7+ 65. Ke5 Ne8 66. Bd3 Ng7 67. Bc1 Ne8 68. Bc2 Ng7 69. Bd1 h5 70. Bg5 Kg6 71. Bh4 Kf7 72. Bc2 Ne8 73. Ba4 Ng7 74. Kf4 Ne6+ 75. Kf5 Ng7+ 76. Kg5 Ne6+ 77. Kh6 Nd4 78. Bf2 Ne6 79. Bh4 Nd4 80. Bd7 Ne6 81. Bc6 Nf4 82. Bg5 Nd3 83. Bd5+ Ke8 84. Be6 Nc5 85. Bf5 Kf7 86. Bh4 Ne6 87. Bg6+ Kf8 88. Be4 Nc5 89. Bg6 Ne6 90. Bxh5 Nf4 91. Bg4 Kf7 92. Bg5 Nd5 93. Bd7 Nf6 94. Bf5 Ng8+ 95. Kh5 Nf6+ 96. Kh4 Ne8 97. Bc2 Nf6 98. Bf4 Ke6 99. Kg5 Nd7 100. Bb3+ Ke7 101. Kf5 Nc5 102. Bc4 Nd7 103. Bd2 Kd6 104. Bb4+ Kc6 105. Ke4 Nb6 106. Bf7 Kb5 107. Be7 Nc8 108. Bf8 Nb6 109. Kd4 Kc6 110. Be8+ Kc7 111. Bb5 Nd7 112. Be7 Nb6 113. Kc5 Nd7+ 114. Kd5 Nb6+ 115. Ke6 Nc8 116. Bc5 Kb7 117. Bf2 Kc7 118. Be1 Nb6 119. Ba5 Kb7 120. Kd6 Nc8+ 121. Kc5 Na7 122. Bd7 Ka6 123. Bb6 Kb7 124. Bg4 Nc8 125. Bf3+ Kb8 126. Bd8 Na7 127. Kb6 Nc8+ 128. Kc6 Ka7 129. Bg4 1-0

[Event "AUT Bundesliga 2022-23"]
[Site "Jenbach"]
[Date "2022.11.03"]
[Round "1.9"]
[White "Devine, Christopher"]
[Black "Peyrer, Konstantin"]
[Result "0-1"]
[ECO "A49"]
[WhiteElo "2098"]
[BlackElo "2402"]
[Annotator "ChessBase"]
[PlyCount "96"]
[EventDate "2022.11.03"]
[EventType "team-tourn"]
[EventCountry "AUT"]
[SourceTitle "playchess.com"]
[Source "ChessBase"]
[SourceQuality "1"]
[TimeControl "40/5400+30:1800+30"]

1. d4 Nf6 2. Nf3 g6 3. g3 Bg7 4. Bg2 O-O 5. O-O d6 6. c4 c5 7. e3 Nc6 8. Nc3 Bf5 9. d5 Na5 10. Qe2 Ne4 11. Nxe4 Bxe4 12. Nd2 Bxg2 13. Kxg2 e6 14. Rb1 Qe7 15. b3 Rae8 16. Qd3 exd5 17. cxd5 f5 18. h4 a6 19. b4 cxb4 20. Rxb4 Rc8 21. Bb2 Bxb2 22. Rxb2 Qe5 23. Rb4 Rc3 24. Qd4 Qxd4 25. Rxd4 Rc2 26. a4 Rfc8 27. Rb1 Ra2 28. Nb3 Nc4 29. e4 Rxa4 30. exf5 gxf5 31. Rf4 Rb4 32. Rxf5 a5 33. Re1 Rxb3 34. Re7 Ne5 35. Rg5+ Kf8 36. Rxh7 Nf7 37. Rgg7 Rc7 38. g4 a4 39. g5 Nxg5 40. Rxc7 Nxh7 41. Rxh7 a3 42. Rh8+ Kg7 43. Ra8 b5 44. f3 b4 45. Kg3 Rd3 46. Ra4 Rd1 47. Kf4 b3 48. Kf5 b2 0-1

[Event "AUT Bundesliga 2022-23"]
[Site "Jenbach"]
[Date "2022.11.03"]
[Round "1.10"]
[White "Steindl, Johannes"]
[Black "Kersten, Julian"]
[Result "1-0"]
[ECO "C11"]
[WhiteElo "2315"]
[BlackElo "1999"]
[Annotator "ChessBase"]
[PlyCount "71"]
[EventDate "2022.11.03"]
[EventType "team-tourn"]
[EventCountry "AUT"]
[SourceTitle "playchess.com"]
[Source "ChessBase"]
[SourceQuality "1"]
[TimeControl "40/5400+30:1800+30"]

1. e4 e6 2. d4 d5 3. Nc3 Nf6 4. e5 Nfd7 5. f4 c5 6. Nf3 Nc6 7. Be3 cxd4 8. Nxd4 Bc5 9. Qd2 O-O 10. O-O-O a6 11. h4 Qc7 12. h5 Nxd4 13. Bxd4 b5 14. h6 g6 15. Kb1 Bb7 16. Rh3 Rac8 17. Qf2 Bb6 18. a3 Bxd4 19. Qxd4 Qc5 20. Rhd3 Qxd4 21. Rxd4 f6 22. exf6 Rxf6 23. g3 Nc5 24. Bh3 Re8 25. Re1 Bc6 26. Rd2 g5 27. fxg5 Rf3 28. Rde2 d4 29. Bxe6+ Kh8 30. Bd5 Rxe2 31. Rxe2 Bxd5 32. Nxd5 Rf1+ 33. Ka2 Kg8 34. Re7 Rf7 35. Nf6+ Kf8 36. Re8# 1-0

[Event "AUT Bundesliga 2022-23"]
[Site "Jenbach"]
[Date "2022.11.03"]
[Round "1.11"]
[White "Neff, Gregor"]
[Black "Huber, Benedikt"]
[Result "1-0"]
[ECO "A13"]
[WhiteElo "2073"]
[BlackElo "2299"]
[Annotator "ChessBase"]
[PlyCount "100"]
[EventDate "2022.11.03"]
[EventType "team-tourn"]
[EventCountry "AUT"]
[SourceTitle "playchess.com"]
[Source "ChessBase"]
[SourceQuality "1"]
[TimeControl "40/5400+30:1800+30"]

1. c4 e6 2. Nf3 d5 3. g3 Nf6 4. Bg2 dxc4 5. O-O b5 6. a4 c6 7. axb5 cxb5 8. Nd4 Nd5 9. Nxb5 Nd7 10. N1c3 Bb7 11. Nxd5 Bxd5 12. Bxd5 exd5 13. d3 Bc5 14. dxc4 dxc4 15. Nd6+ Bxd6 16. Qxd6 Qe7 17. Qc7 Ne5 18. Rxa7 Rxa7 19. Qb8+ Qd8 20. Qxa7 O-O 21. Qc5 Re8 22. Bf4 Ng6 23. Qxc4 Nxf4 24. Qxf4 Rxe2 25. b4 Rb2 26. Rc1 g6 27. h4 h5 28. Rc7 Rb1+ 29. Kh2 Qd5 30. Rc1 Rxc1 31. Qxc1 Kf8 32. Qc8+ Ke7 33. Qc7+ Ke6 34. Qc8+ Ke7 35. Qc3 Ke6 36. Kg1 Qd1+ 37. Kg2 Qd5+ 38. Kg1 Qd1+ 39. Kh2 Qd5 40. Qe3+ Kd6 41. Qb6+ Ke7 42. b5 Qf3 43. Qd4 f6 44. Kg1 Ke6 45. b6 g5 46. Qc4+ Kd6 47. Qc7+ Ke6 48. hxg5 fxg5 49. b7 Qd1+ 50. Kh2 Qd4 1-0

[Event "AUT Bundesliga 2022-23"]
[Site "Jenbach"]
[Date "2022.11.03"]
[Round "1.12"]
[White "Bauer, Thomas"]
[Black "Goetz, Christoph"]
[Result "1/2-1/2"]
[ECO "B01"]
[WhiteElo "2105"]
[BlackElo "1867"]
[Annotator "ChessBase"]
[PlyCount "76"]
[EventDate "2022.11.03"]
[EventType "team-tourn"]
[EventCountry "AUT"]
[SourceTitle "playchess.com"]
[Source "ChessBase"]
[SourceQuality "1"]
[TimeControl "40/5400+30:1800+30"]

1. e4 d5 2. exd5 Nf6 3. d4 Bg4 4. Nf3 Qxd5 5. Be2 e6 6. O-O Be7 7. c4 Qd8 8. Qb3 b6 9. h3 Bh5 10. Nc3 O-O 11. Bf4 c6 12. Rfd1 Bd6 13. Be3 Qe7 14. Rd2 Rd8 15. Qa4 Qb7 16. g4 Bg6 17. Nh4 Ne4 18. Nxe4 Bxe4 19. f3 Be7 20. fxe4 Bxh4 21. Rf1 Nd7 22. e5 Qc7 23. Bf4 Rac8 24. Qa3 Nf8 25. Qe3 Ng6 26. Bh2 Be7 27. Kh1 Rd7 28. d5 cxd5 29. cxd5 Qd8 30. d6 Bg5 31. Qd3 Bxd2 32. Qxd2 Rc5 33. Qe3 Qc8 34. Bd3 Qc6+ 35. Kg1 Qd5 36. Be4 Qxa2 37. b4 Rc8 38. b5 Qc4 1/2-1/2

[Event "AUT Bundesliga 2022-23"]
[Site "Jenbach"]
[Date "2022.11.03"]
[Round "1.13"]
[White "Haba, Petr"]
[Black "Rozentalis, Eduardas"]
[Result "1/2-1/2"]
[ECO "E05"]
[WhiteElo "2454"]
[BlackElo "2500"]
[Annotator "ChessBase"]
[PlyCount "91"]
[EventDate "2022.11.03"]
[EventType "team-tourn"]
[EventCountry "AUT"]
[SourceTitle "playchess.com"]
[Source "ChessBase"]
[SourceQuality "1"]
[TimeControl "40/5400+30:1800+30"]

1. d4 Nf6 2. c4 e6 3. g3 d5 4. Bg2 dxc4 5. Nf3 Be7 6. O-O O-O 7. Ne5 Nc6 8. Bxc6 bxc6 9. Nxc6 Qe8 10. Nxe7+ Qxe7 11. Qa4 c5 12. Qa3 Bb7 13. Bg5 Rfc8 14. Nc3 h6 15. Bxf6 Qxf6 16. dxc5 Qe5 17. Rad1 Rxc5 18. Rd7 Bc6 19. Rxa7 Rd8 20. Rc7 Qxc7 21. Qxc5 Qb7 22. Qxc4 Rc8 23. Qb3 Qxb3 24. axb3 Rb8 25. Rd1 Rxb3 26. Rd2 g5 27. f3 Kf8 28. Kf2 Ke7 29. Ke3 Rb4 30. Kd3 f5 31. Kc2 h5 32. b3 f4 33. Na2 Rb8 34. gxf4 gxf4 35. Rd4 Rg8 36. Rxf4 Rg2 37. Nc3 Rxh2 38. Kd3 h4 39. b4 e5 40. Rg4 h3 41. Rh4 Rh1 42. b5 Ba8 43. b6 h2 44. Kc2 Kd6 45. Rh6+ Kc5 46. Kd2 1/2-1/2

[Event "AUT Bundesliga 2022-23"]
[Site "Jenbach"]
[Date "2022.11.03"]
[Round "1.14"]
[White "Baenziger, Fabian"]
[Black "Schwabeneder, Florian"]
[Result "1/2-1/2"]
[ECO "E62"]
[WhiteElo "2439"]
[BlackElo "2414"]
[Annotator "ChessBase"]
[PlyCount "61"]
[EventDate "2022.11.03"]
[EventType "team-tourn"]
[EventCountry "AUT"]
[SourceTitle "playchess.com"]
[Source "ChessBase"]
[SourceQuality "1"]
[TimeControl "40/5400+30:1800+30"]

1. d4 Nf6 2. c4 g6 3. g3 Bg7 4. Bg2 O-O 5. Nc3 d6 6. Nf3 c6 7. O-O Bf5 8. Re1 Ne4 9. Qb3 Nxc3 10. bxc3 Bc8 11. e4 Nd7 12. Ba3 c5 13. e5 dxe5 14. Nxe5 Nxe5 15. dxe5 Qc7 16. Qb5 Bxe5 17. Bxc5 a6 18. Qb4 Bxc3 19. Qxc3 Qxc5 20. Rab1 Rb8 21. Qe5 Qxe5 22. Rxe5 Be6 23. Bxb7 Bxc4 24. Rxe7 Bxa2 25. Rc1 Rfe8 26. Rxe8+ Rxe8 27. Bxa6 Be6 28. h4 h6 29. Rc7 Kg7 30. Bc4 Bxc4 31. Rxc4 1/2-1/2

[Event "AUT Bundesliga 2022-23"]
[Site "Jenbach"]
[Date "2022.11.03"]
[Round "1.15"]
[White "Kilgus, Georg"]
[Black "Atlas, Valery"]
[Result "1/2-1/2"]
[ECO "A56"]
[WhiteElo "2397"]
[BlackElo "2412"]
[Annotator "ChessBase"]
[PlyCount "151"]
[EventDate "2022.11.03"]
[EventType "team-tourn"]
[EventCountry "AUT"]
[SourceTitle "playchess.com"]
[Source "ChessBase"]
[SourceQuality "1"]
[TimeControl "40/5400+30:1800+30"]

1. d4 Nf6 2. c4 c5 3. d5 e5 4. Nc3 d6 5. e4 Be7 6. Bd3 Nbd7 7. g3 a6 8. a4 b6 9. h4 Nf8 10. Bd2 h5 11. Nh3 g6 12. Kf1 N8h7 13. Kg2 O-O 14. a5 bxa5 15. Qa4 Nd7 16. Qxa5 Qxa5 17. Rxa5 Rb8 18. Rb1 f6 19. Nd1 Rf7 20. Bc2 Nhf8 21. Ne3 Bd8 22. Raa1 Bb6 23. f3 Ba7 24. b3 Re7 25. Nf2 Rf7 26. Rh1 Rh7 27. Kf1 Bb6 28. Ke2 Bd8 29. Nd3 Bb6 30. Rag1 Kf7 31. f4 Ke8 32. Kf2 Kd8 33. Bd1 Kc7 34. f5 Ba7 35. fxg6 Nxg6 36. Rf1 Ne7 37. Kg2 Bb7 38. Nf5 Nxf5 39. Rxf5 Rbh8 40. Be2 Bc8 41. Nb2 Kd8 42. Rhf1 Bb6 43. Nd1 Ke8 44. Ne3 Kf7 45. Kh2 Kg6 46. R5f2 Bc7 47. Ra1 Rd8 48. Bf1 Nb8 49. Nf5 a5 50. Ne3 Na6 51. Bxa5 Bxa5 52. Rxa5 Nb4 53. Be2 Rhh8 54. Rf1 Rh7 55. Ra8 Rhh8 56. Ra7 Rd7 57. Rfa1 Rxa7 58. Rxa7 f5 59. exf5+ Bxf5 60. Nxf5 Kxf5 61. Rd7 Ke4 62. Rxd6 Ke3 63. Bf1 e4 64. Bg2 Nd3 65. Re6 Nf2 66. d6 Ra8 67. d7 Ng4+ 68. Kg1 Ra1+ 69. Bf1 Rd1 70. Re7 Kf3 71. b4 Ne3 72. Rf7+ Kxg3 73. bxc5 Nxf1 74. Rxf1 Rxd7 75. c6 Rd6 76. Rf5 1/2-1/2

[Event "AUT Bundesliga 2022-23"]
[Site "Jenbach"]
[Date "2022.11.03"]
[Round "1.16"]
[White "Brunner, Nicolas"]
[Black "Singer, Christoph"]
[Result "1/2-1/2"]
[ECO "D37"]
[WhiteElo "2448"]
[BlackElo "2309"]
[Annotator "ChessBase"]
[PlyCount "61"]
[EventDate "2022.11.03"]
[EventType "team-tourn"]
[EventCountry "AUT"]
[SourceTitle "playchess.com"]
[Source "ChessBase"]
[SourceQuality "1"]
[TimeControl "40/5400+30:1800+30"]

1. d4 d5 2. c4 e6 3. Nf3 Nf6 4. Nc3 Be7 5. Bf4 O-O 6. e3 b6 7. Rc1 Bb7 8. Be2 dxc4 9. Bxc4 a6 10. a3 Nbd7 11. O-O b5 12. Ba2 c5 13. dxc5 Nxc5 14. Ne5 Rc8 15. Qe2 Qb6 16. Rfd1 Rfd8 17. Rxd8+ Qxd8 18. Rd1 Qe8 19. h3 Rd8 20. f3 Rxd1+ 21. Qxd1 Qd8 22. Qxd8+ Bxd8 23. b4 Ncd7 24. Kf2 Kf8 25. Nxd7+ Nxd7 26. Bd6+ Be7 27. Bxe7+ Kxe7 28. e4 Kd6 29. Ke3 f6 30. h4 Nb6 31. Bb3 1/2-1/2

[Event "AUT Bundesliga 2022-23"]
[Site "Jenbach"]
[Date "2022.11.03"]
[Round "1.17"]
[White "Salvenmoser, Stefan"]
[Black "Breder, Dennis"]
[Result "1/2-1/2"]
[ECO "B31"]
[WhiteElo "2295"]
[BlackElo "2450"]
[Annotator "ChessBase"]
[PlyCount "52"]
[EventDate "2022.11.03"]
[EventType "team-tourn"]
[EventCountry "AUT"]
[SourceTitle "playchess.com"]
[Source "ChessBase"]
[SourceQuality "1"]
[TimeControl "40/5400+30:1800+30"]

1. e4 c5 2. Nf3 Nc6 3. Bb5 g6 4. O-O Bg7 5. Re1 e5 6. b4 Nxb4 7. Bb2 Qc7 8. c3 Nc6 9. d4 d6 10. Na3 a6 11. d5 Ke7 12. Bf1 Na7 13. c4 Nf6 14. Nd2 g5 15. Nc2 Bd7 16. a4 b6 17. Ne3 h5 18. Bd3 h4 19. Bc3 Rag8 20. Ndf1 Bh6 21. Rb1 g4 22. Qb3 Rb8 23. Rb2 Nh5 24. Be2 Nf6 25. Bd3 Nh5 26. Be2 Nf6 1/2-1/2

[Event "AUT Bundesliga 2022-23"]
[Site "Jenbach"]
[Date "2022.11.03"]
[Round "1.18"]
[White "Kienboeck, Benjamin"]
[Black "Lentrodt, Thomas"]
[Result "1-0"]
[ECO "C11"]
[WhiteElo "2129"]
[BlackElo "2252"]
[Annotator "ChessBase"]
[PlyCount "61"]
[EventDate "2022.11.03"]
[EventType "team-tourn"]
[EventCountry "AUT"]
[SourceTitle "playchess.com"]
[Source "ChessBase"]
[SourceQuality "1"]
[TimeControl "40/5400+30:1800+30"]

1. e4 e6 2. d4 d5 3. Nc3 Nf6 4. e5 Nfd7 5. f4 c5 6. Nf3 Nc6 7. Be3 cxd4 8. Nxd4 Nxd4 9. Bxd4 Nb8 10. Bd3 Nc6 11. Bf2 a6 12. O-O Qa5 13. Kh1 Bc5 14. Qg4 g6 15. Nb5 Be7 16. Nd6+ Kf8 17. Bh4 Qd8 18. Bxe7+ Qxe7 19. c4 Nb4 20. Rad1 Bd7 21. cxd5 Nxd5 22. Qf3 f5 23. Bc4 Bc6 24. Bxd5 Bxd5 25. Rxd5 exd5 26. Qxd5 Kg7 27. g4 Rhf8 28. gxf5 gxf5 29. Rg1+ Kh8 30. e6 Rad8 31. Qe5+ 1-0

[Event "AUT Bundesliga 2022-23"]
[Site "Jenbach"]
[Date "2022.11.03"]
[Round "1.19"]
[White "Georgiadis, Nico"]
[Black "Bluebaum, Matthias"]
[Result "1/2-1/2"]
[ECO "C42"]
[WhiteElo "2577"]
[BlackElo "2647"]
[Annotator "ChessBase"]
[PlyCount "51"]
[EventDate "2022.11.03"]
[EventType "team-tourn"]
[EventCountry "AUT"]
[SourceTitle "playchess.com"]
[Source "ChessBase"]
[SourceQuality "1"]
[TimeControl "40/5400+30:1800+30"]

1. e4 e5 2. Nf3 Nf6 3. Nxe5 d6 4. Nf3 Nxe4 5. d4 d5 6. Bd3 Bd6 7. O-O O-O 8. c4 c6 9. cxd5 cxd5 10. Nc3 Re8 11. Re1 Nxc3 12. Rxe8+ Qxe8 13. bxc3 Nd7 14. Qb3 Nb6 15. Ba3 Bxa3 16. Qxa3 Be6 17. h3 h6 18. Re1 Qf8 19. Qa5 Qc8 20. Ne5 Nd7 21. Ng6 Qd8 22. Qb4 Qc7 23. Ne7+ Kh8 24. Ng6+ Kg8 25. Ne7+ Kh8 26. Ng6+ 1/2-1/2